 Dungeon Crawl Stone Soup version 0.28.0-45-g0d030f2227 (webtiles) character file.

Game seed: 11698202470797805923

21 pkoi the Stinger (level 2, 0/20 HPs)
             Began as a Demigod Venom Mage on Apr 25, 2022.
             Slain by Natasha (5 damage)
             ... on level 2 of the Dungeon.
             The game lasted 00:01:19 (526 turns).

pkoi the Stinger (Demigod Venom Mage)                Turns: 526, Time: 00:01:20

Health: 0/20       AC:  2    Str:  9    XL:     2   Next: 48%
Magic:  0/7        EV: 12    Int: 17    God:
Gold:   47         SH:  0    Dex: 14    Spells: 3/4 levels left

rFire   . . .      SeeInvis .   c - +0 whip
rCold   . . .      Faith    .   (no shield)
rNeg    . . .      Spirit   .   a - +0 robe
rPois   .          Reflect  .   (no helmet)
rElec   .          Harm     .   (no cloak)
rCorr   .          Rampage  .   (no gloves)
Will    .....                   (no boots)
Stlth   ++........              (no amulet)
HPRegen 0.06/turn               (no ring)
MPRegen 0.10/turn               (no ring)

@: slowed, very slow
A: high MP 1, forlorn, divine attributes
a: no special abilities


You were on level 2 of the Dungeon.
You visited 1 branch of the dungeon, and saw 2 of its levels.

You collected 47 gold pieces.

Inventory:

Hand Weapons
 c - a +0 whip (weapon)
Armour
 a - a +0 robe (worn)
Scrolls
 b - a scroll of amnesia {unknown}


   Skills:
 - Level 1.7 Dodging
 - Level 1.7 Stealth
 + Level 1.3 Unarmed Combat
 - Level 1.7 Spellcasting
 - Level 0.8 Transmutations
 + Level 3.2 Poison Magic


You had 3 spell levels left.
You knew the following spells:

 Your Spells              Type           Power      Damage    Failure   Level
a - Sting                 Tmut/Pois      32%        1d4       9%          1

Your spell library contained the following spells:

 Spells                   Type           Power      Damage    Failure   Level
 Poisonous Vapours        Pois/Air       12%        N/A       16%         2
 Mephitic Cloud           Conj/Pois/Air  5%         N/A       36%         3
 Olgreb's Toxic Radiance  Pois           12%        N/A       47%         4


Dungeon Overview and Level Annotations

Branches:
Dungeon (1/15)

Annotations:
D:2 Natasha


Innate Abilities, Weirdness & Mutations

You have an increased reservoir of magic. (+10% MP)
You shall have no god before yourself.
Your divine heritage dramatically boosts your attributes as you level up.


Message History

Aim: a kobold, wielding a +0 short sword and quivering stones (moderately wounded, poisoned, 60% to hit)
The sting misses the kobold.
The sting hits the giant cockroach.
The giant cockroach is poisoned.
The giant cockroach is moderately wounded.
The kobold hits you with a +0 short sword.
* * * LOW HITPOINT WARNING * * *
Unknown command.
You hit the kobold.
You kill the kobold!
You hit the giant cockroach.
You kill the giant cockroach!
Items here: ( ) ††.
Unknown command.
You start resting.
Natasha is nearby!
Natasha is nearby!
Natasha is nearby!
Natasha hisses angrily.
Natasha zaps a wand.
The puff of flame hits you.
* * * LOW HITPOINT WARNING * * *
Items here: ( ) ††.
Aiming: Sting (safe; 9% risk of failure)
Press: ? - help, Q - select action Shift-Dir - straight line, f - you That beam is likely to hit you.
Continue anyway?
Okay, then.
Unknown command.
Aiming: Sting (safe; 9% risk of failure)
Press: ? - help, Q - select action Shift-Dir - straight line, f - Natasha
Aim: Natasha, carrying a wand of flame (19) (60% to hit)
The sting hits Natasha.
Natasha is poisoned.
Natasha is moderately wounded.
Natasha stares at you and mumbles some strange words.
You feel yourself slow down.
Aiming: Sting (safe; 9% risk of failure)
Press: ? - help, Q - select action Shift-Dir - straight line, f/p - Natasha
Aim: Natasha, carrying a wand of flame (19) (lightly wounded, poisoned, 60% to hit)
The sting hits Natasha.
Natasha looks even sicker.
Natasha is moderately wounded.
Natasha claws you.
You die...

. ....... ..
.h...<. ...
....... ....##
....... ....#
##..K....
#..######........
#..)@h##..).....
####..†#........
#.............
#..............
.................
#.#.......#......
..........########
###.........
###.......#


You could see Natasha (very poisoned).

Vanquished Creatures
  2 ball pythons (D:2)
  2 endoplasms (D:1)
  A giant cockroach (D:2)
  A goblin (D:2)
  2 hobgoblins (D:1)
  A quokka (D:1)
  5 bats (D:1)
  A frilled lizard (D:1)
  2 kobolds
  4 rats
21 creatures vanquished.

Notes
Turn   | Place    | Note
-------+----------+-------------------------------------------
     0 | D:1      | pkoi the Demigod Venom Mage began the quest for the Orb.
     0 | D:1      | Reached XP level 1. HP: 14/14 MP: 5/5
   256 | D:1      | Reached skill level 3 in Poison Magic
   274 | D:1      | Reached skill level 1 in Unarmed Combat
   358 | D:1      | Reached XP level 2. HP: 19/20 MP: 4/7
   481 | D:1      | You fall into a shaft and drop 1 floor!
   502 | D:2      | Noticed Natasha
   526 | D:2      | Slain by Natasha

Illustrated notes

Levels and vault maps discovered:
D:1:      psy_arrival_dodecagon, layout_basic,
          hellmonk_ecumenical_altar_watching_god
D:2:      layout_rooms, serial_park_tiny_pond, feat_on_display, uniq_natasha,
          uniq_sigmund, uniq_terence

Skill      XL: |  1 |
---------------+----+-----
Poison Magic   | 3 |  3.2
Unarmed Combat | 1 |  1.3
Dodging        | |  1.7
Stealth        | |  1.7
Spellcasting   | |  1.7
Transmutations | |  0.8

Action                   || total
-------------------------++-------
Melee: Whip              ||    24
       Unarmed           ||     1
       Punch             ||     1
 Cast: Sting             ||    32
Armor: Robe              ||    12
Dodge: Dodged            ||    22
